[Event "15th Chennai GM Open 2025"]
[Site "Chennai"]
[Date "2025.01.05"]
[Round "5.6"]
[White "Patil Priyanshu"]
[Black "Mayank Chakraborty"]
[Result "1/2-1/2"]
[ECO "C54"]
[WhiteElo "2298"]
[BlackElo "2457"]
[Annotator "TA"]
[PlyCount "63"]
[EventDate "2025.01.02"]
[EventType "swiss"]
[EventCountry "IND"]
[SourceTitle "playchess.com"]
[Source "ChessBase"]
[SourceQuality "1"]
[TimeControl "5400+30"]

1. e4 e5 2. Nf3 Nc6 3. Bc4 Nf6 4. d3 Bc5 5. c3 d6 6. O-O (6. b4 $5 Bb6 $8 7. Bb3 $11) 6... a5 7. Re1 Ba7 8. Na3 O-O 9. Nb5 Bb6 10. Bb3 Ne7 11. d4 Ng6 12. dxe5 Ng4 13. Re2 Nh4 {[%emt 0:10:16][%mdl 1024] ...Nxf3+ would now be deadly. Black has compensation.} 14. Qd3 (14. Nbd4 $1 $11 Nxe5 15. Nxh4 Qxh4 16. Qd2) 14... a4 (14... Nxe5 $2 15. Nxe5 dxe5 16. Qxd8 Rxd8 17. Bg5 $18) 15. Bc2 c6 {[%emt 0:21:25] Threatens to win with ...Nxf3+.} (15... Nxe5 16. Nxe5 dxe5 17. Qxd8 Rxd8 18. Bg5 $16) 16. Na3 (16. Nxd6 $2 Nxf3+ 17. Qxf3 Nxe5 $19) (16. Nbd4 $15 Nxe5 17. Nxe5 dxe5 18. Nf5) 16... f5 $17 (16... Nxe5 17. Nxe5 dxe5 18. Qxd8 Bxd8 19. Nc4 $17) (16... dxe5 17. Qxd8 Bxd8 18. Nxh4 Bxh4 19. h3 $16) 17. exd6 (17. Qxd6 $2 Nxf3+ 18. gxf3 Qh4 19. fxg4 Qxg4+ 20. Kf1 Qf3 $19) 17... Nxf2 $2 (17... Nxf3+ $17 18. Qxf3 fxe4 (18... Qxd6 $2 19. Bf4 $16) 19. Qxe4 Qh4) 18. Rxf2 $16 Nxf3+ 19. gxf3 {[%emt 0:00:14] Strongly threatening Be3.} (19. Qxf3 $2 fxe4 (19... Bxf2+ $2 20. Qxf2 fxe4 21. Qd4 $18) 20. Qxe4 Bxf2+ (20... Rxf2 21. Qxh7+ Kf7 22. Qh5+ Kg8 23. Qh7+ Kf7 24. Qh5+ Kg8 25. Qh7+ $11) 21. Kh1 Bf5 $19 (21... Qxd6 $2 22. Qxh7+ Kf7 23. Qh5+ Ke7 24. Bg5+ Kd7 25. Rd1 $18)) 19... fxe4 20. Qxe4 Bf5 21. Qe7 {[%emt 0:01:59] Black must now prevent Be3.} (21. Qc4+ $6 Kh8 $16) 21... Bxf2+ 22. Kxf2 Qa5 (22... Bxc2 23. Qxd8 (23. Nxc2 Qa5 $16) 23... Raxd8 24. Nxc2 $14) 23. d7 {[%emt 0:06:19] Against Rae8} (23. Qxb7 $2 Bxc2 24. Nxc2 Qh5 $19) (23. Qg5 $16) 23... Bxc2 {[%emt 0:00:52] Black is weak on the dark squares} (23... Bxd7 $1 $11 24. Qh4 (24. Qxd7 Qh5 $11) 24... Bf5) 24. Nxc2 Qh5 {[%emt 0:00:27] [#] Prevents Bh6} 25. Bf4 $2 Rxf4 $11 {[%emt 0:07:26] The position is equal.} 26. d8=Q+ (26. d8=B Qxf3+ (26... Qxh2+ $2 27. Ke3 $19) 27. Ke1 Qf1+ (27... Re4+ $2 28. Kd2 $19) 28. Kd2 Rf2+ 29. Ke3 Qe2+ (29... Re2+ $2 30. Kd3 $19) 30. Kd4 Qg4+ (30... Qxc2 $2 31. Qe6+ Rf7 32. Bg5 $19) 31. Qe4 Rxd8+ 32. Kc5 Qxe4 33. Re1 Qd5+ (33... Qxc2 {leads to mate.} 34. Kb6 Rf7 35. Kc5 Rd5+ 36. Kb4 Rb5+ 37. Kc4 Rf4+ 38. Re4 Rxe4#) 34. Kb4 Rxc2) 26... Rxd8 27. Qxd8+ Rf8 28. Qd3 {[%emt 0:00:45] And now Kg2 would win.} Qxh2+ 29. Kf1 Qh1+ 30. Kf2 Qh2+ 31. Kf1 Qh1+ 32. Kf2 {[%emt 0:01:09] Weighted Error Value: White=0.31/Black=0.22 (precise) .  Mistake:       	White=4     	Black=2      Inaccurate:     	White=1     	Black=2      OK:         	White=3     	Black=14     Best:        	White=1     	Black=3} 1/2-1/2

[Event "15th Chennai GM Open 2025"]
[Site "Chennai"]
[Date "2025.01.05"]
[Round "5.7"]
[White "Madhvendra Pratap Sharma"]
[Black "Rios Gomez, Cristhian Camilo"]
[Result "1/2-1/2"]
[ECO "B30"]
[WhiteElo "2281"]
[BlackElo "2435"]
[Annotator "TA"]
[PlyCount "76"]
[EventDate "2025.01.02"]
[EventType "swiss"]
[EventCountry "IND"]
[SourceTitle "playchess.com"]
[Source "ChessBase"]
[SourceQuality "1"]
[TimeControl "5400+30"]

1. e4 c5 2. Nf3 Nc6 3. Bb5 e6 4. O-O Nge7 5. Re1 Nd4 6. Nxd4 cxd4 7. c3 a6 8. Bf1 Nc6 9. b4 {[%emt 0:02:38] Against Bc5} dxc3 10. dxc3 {[%emt 0:00:13] White is slightly better.} Be7 11. Bf4 {[%emt 0:10:28] White is more active.} d6 12. Nd2 O-O 13. Qb3 Rb8 14. a3 b5 15. c4 e5 16. Be3 Bg5 17. Bxg5 Qxg5 18. Qe3 Qe7 19. Rac1 {[%emt 0:06:46][%cal Ba1c1,Bc1c3,Bc3c4][%mdl 32] [#] Hoping for cxb5.} Nd4 20. Nb3 Nxb3 21. Qxb3 Be6 22. Qe3 Qb7 23. Rc3 bxc4 24. Bxc4 Bxc4 25. Rxc4 Qb5 26. Rec1 a5 27. h3 axb4 28. Rxb4 Qa5 29. Rxb8 Rxb8 $14 {[%emt 0:00:06][%mdl 4096] Endgame. KQR-KQR. The position is equal.} 30. Qb3 Ra8 31. Qb7 {[%emt 0:01:28] [#] Rc8+ would kill now.} Rf8 32. Qb4 Qxb4 33. axb4 $11 {[%emt 0:00:01] KR-KR} Rb8 34. Rb1 f6 35. Kf1 Kf7 36. Ke2 Ke6 37. Kd3 d5 38. exd5+ Kxd5 {[%emt 0:00:08] Weighted Error Value: White=0.08 (flawless) /Black=0.06 (flawless) .  Inaccurate:     	White=3     	Black=1      OK:         	White=7     	Black=16     Best:        	---       	Black=1} 1/2-1/2

[Event "15th Chennai GM Open 2025"]
[Site "Chennai"]
[Date "2025.01.05"]
[Round "5.8"]
[White "Dhananjay S"]
[Black "Deepan Chakkravarthy J."]
[Result "0-1"]
[ECO "A14"]
[WhiteElo "2270"]
[BlackElo "2413"]
[Annotator "TA"]
[PlyCount "58"]
[EventDate "2025.01.02"]
[EventType "swiss"]
[EventCountry "IND"]
[SourceTitle "playchess.com"]
[Source "ChessBase"]
[SourceQuality "1"]
[TimeControl "5400+30"]

1. Nf3 d5 2. g3 Nf6 3. Bg2 e6 4. O-O Be7 5. c4 O-O 6. b3 b6 7. Bb2 Bb7 8. e3 Nbd7 9. Nc3 Re8 10. d3 c5 11. Qe2 Rc8 {[%emt 0:08:30] The position is equal.} 12. Ne1 Nb8 13. f4 h6 14. g4 {[%emt 0:01:15] Threatens to win with g5.} Nh7 15. Rd1 Bf6 16. Nf3 Nc6 {[%emt 0:03:11] Wards off Ne5} 17. h3 a6 ({Black should play} 17... Nf8 $11) 18. Qf2 d4 (18... Rc7 {simplifies} 19. d4 cxd4 20. exd4 dxc4 21. d5 exd5 22. Nxd5 Rd7) 19. Ne4 (19. exd4 $11 Nxd4 20. Ne4) 19... dxe3 $17 20. Nxf6+ {[%emt 0:42:24] [#]} Qxf6 $1 21. Qc2 Qxf4 {[%emt 0:22:57] Strongly threatening ...Qg3.} 22. Ne5 Qg3 23. Rf3 Qh4 24. Rxf7 {[%emt 0:01:08] [#]} (24. Rxe3 $17 {was worth a try.} Qe7 25. Nxc6 Bxc6 26. Bxc6 Rxc6 27. Qh2) 24... Nd4 $1 $19 25. Bxd4 cxd4 ({Wrong is} 25... Bxg2 $2 26. Ng6 (26. Bxe3 Qxh3 27. Bc1 Ng5 $11) 26... cxd4 27. Nxh4 $18) 26. Rxb7 {[%emt 0:06:42][%cal Od1f1] Hoping for Rf1!} Qg3 {[%emt 0:00:01] Dancing on a razor blade.} 27. Nf3 $2 {[%emt 0:04:09][%mdl 8192] [#]} (27. Ng6 $17 Nf8 (27... Ng5 28. Rf1 $17) 28. Ne7+ Rxe7 29. Rxe7) 27... Rf8 $1 {[%emt 0:00:05] Black is clearly winning.} 28. Qb2 Rxf3 29. Qxd4 Nf6 {[%emt 0:00:06] Weighted Error Value: White=0.75/Black=0.06 (flawless) .  Loses game:     	White=1     	---        Mistake:       	White=2     	Black=1      Inaccurate:     	White=2     	Black=1      OK:         	White=7     	Black=7      Best:        	White=2     	Black=2      Strong:       	---       	Black=2      Brilliant:      	---       	Black=1} 0-1

[Event "15th Chennai GM Open 2025"]
[Site "Chennai"]
[Date "2025.01.05"]
[Round "5.9"]
[White "Arpith S Bijoy"]
[Black "Sathvik Adiga"]
[Result "0-1"]
[ECO "A01"]
[WhiteElo "2234"]
[BlackElo "2395"]
[Annotator "TA"]
[PlyCount "128"]
[EventDate "2025.01.02"]
[EventType "swiss"]
[EventCountry "IND"]
[SourceTitle "playchess.com"]
[Source "ChessBase"]
[SourceQuality "1"]
[TimeControl "5400+30"]

1. b3 e5 2. Bb2 Nc6 3. c4 d5 4. cxd5 Qxd5 5. Nc3 Qe6 6. g3 Bd7 $1 7. Bg2 O-O-O 8. Nf3 {[%emt 0:00:50] Black has an edge.} Nge7 9. Rc1 f5 10. O-O h6 (10... e4 $11 11. Ng5 Qg6) 11. Na4 (11. e4 $16) 11... e4 $1 $14 12. Ne1 Be8 13. d3 Nd5 14. Nc5 Qf7 (14... Bxc5 $11 {should be considered.} 15. Rxc5 b6) 15. Qc2 (15. dxe4 Nf4 (15... Ne3 16. Qxd8+ Nxd8 17. fxe3 $11) 16. Ned3 (16. Qc2 $2 Nb4 $19) 16... Nxg2 $15) 15... Ndb4 16. Qb1 b6 17. Na4 (17. a3 $5 Bxc5 (17... bxc5 18. axb4 Nxb4 19. Qa1 $11) 18. axb4 Nxb4 19. Qa1 $11) 17... exd3 18. Nxd3 Nxd3 19. exd3 Nd4 (19... Nb4 $1 $11) 20. Bxd4 Rxd4 {[%emt 0:00:02] [#]} 21. Qb2 $1 Qf6 22. Nc3 Rd8 {[%emt 0:01:05][%cal Oc8b8] [#]} (22... Rxd3 $2 23. Qe2 Qd8 24. Rcd1 (24. Nd5 Rxd5 25. Bxd5 Qxd5 $18) 24... Rxd1 25. Rxd1 $18 (25. Qa6+ Kd7 $18)) 23. d4 $1 Bc6 24. Bxc6 Qxc6 25. d5 Qd7 26. Qe2 Kb7 {[%emt 0:00:06] Inhibits Qa6+.} 27. Nb5 {[%emt 0:00:22] Prevents Ba3.} Rc8 28. Rfd1 a6 (28... Bc5 $14) 29. Nd4 Qxd5 30. Nc6 Qe4 31. Qf1 (31. Nd8+ $14 Kb8 32. Qxa6) 31... Bc5 $11 32. Na5+ Ka7 $1 33. b4 {[%emt 0:00:13] aiming for Re1.} Rhd8 (33... Bxb4 $2 34. Nc6+ (34. Rc4 Bxa5 35. Rxe4 fxe4 $14) 34... Kb7 35. Rd4 Qxc6 36. Rxc6 (36. Rxb4 $2 Qe6 $19) 36... Kxc6 37. Qc4+ (37. Rxb4 Kb7 $18) 37... Kb7 38. Qxb4 $18) 34. Re1 Qd5 (34... Qxb4 35. Nc6+ Kb7 36. Qg2 $18 (36. Nxb4 Bxb4 37. Red1 Bd6 $18) (36. Nxd8+ Rxd8 37. Qg2+ c6 $11)) 35. Re5 Qf3 (35... Bxf2+ $2 36. Qxf2 Qd3 37. Nc6+ (37. Rxf5 Rd7 $18) 37... Ka8 38. Nxd8 (38. Qxf5 Qxf5 39. Rxf5 Rf8 $18) 38... Qxd8 39. Rxf5 $18) 36. bxc5 bxa5 37. Re3 (37. c6 {simplifies} Rd6 38. Rxa5 Rxc6 39. Rxf5 Rxc1 40. Rxf3 Rxf1+ 41. Kxf1 Kb6 42. Ke2) 37... Qc6 38. Qe1 Re8 {[%emt 0:00:28] Prevents Re6} 39. Re7 (39. Qxa5 Rxe3 40. fxe3 Rd8 $17) (39. Rxe8 $1 $11 {keeps the balance.} Rxe8 40. Qxa5) 39... g5 40. Rxe8 Rxe8 41. Qxa5 $15 {[%emt 0:00:05][%mdl 4096] Endgame. KQR-KQR} f4 42. Qb4 (42. Qd2 $11) 42... Qe4 (42... h5 $17 43. Qb3 f3) 43. Qb2 (43. Qc3 {simplifies} Qd5 44. c6 Qe5 45. Qxe5 Rxe5 46. gxf4 gxf4 47. Kg2) 43... Qc6 (43... fxg3 {simplifies} 44. hxg3 Qe5 45. Qa3 h5) 44. Qg7 Re2 45. Qf8 (45. a3 $11) 45... h5 $17 {[%emt 0:00:35] White must now prevent ...h4. Black is more active.} (45... Rxa2 $6 46. Rb1 a5 47. Qb8+ Ka6 48. Qc8+ Ka7 49. gxf4 $11 (49. Qb8+ Ka6 $11)) 46. Qc8 ({White should play} 46. Rb1 Re8 47. Qf7) 46... h4 $40 {[%emt 0:01:30][%mdl 128] White is in trouble.} (46... Rxa2 $6 47. Rb1 (47. Qg8 Rd2 $11) 47... a5 48. Qg8 $11 (48. Qb8+ Ka6 $11)) 47. Qh3 (47. Rb1 $17 Re8 (47... Qxc5 48. Qb8#) 48. Qh3) 47... hxg3 $19 (47... Rxa2 48. gxh4 gxh4 49. Qxh4 $17) 48. hxg3 Rxa2 49. Qg4 (49. Qg2 $142 Qxg2+ 50. Kxg2) 49... fxg3 50. Qxg3 Ra4 51. Qg2 Qe6 52. Kf1 Re4 {[%emt 0:00:50] Prevents Re1.} 53. Qg3 Qc6 54. Qg2 $2 (54. Rc3 {might work better.}) 54... Qb5+ 55. Kg1 Qb4 {[%emt 0:00:14] Hoping for ...Rg4.} 56. Qf3 (56. Kf1) 56... Rg4+ 57. Kh2 Qd4 {[%emt 0:00:21] ( -> ...Qe5+)} 58. Kh3 Rh4+ $2 (58... Rf4 {mates} 59. Qxf4 gxf4 (59... Qxf4 $2 60. Rf1 $19) 60. Kg2 Qd5+ 61. Kh2 Qh5+ 62. Kg2 f3+ 63. Kg3 Qg5+ 64. Kxf3 Qxc1 65. Ke4 a5 (65... Qxc5 66. f4 a5 67. f5 a4 68. f6 a3 69. f7 a2 70. f8=B Qxf8 71. Kd3 Qf5+ 72. Ke2 a1=Q 73. Kd2 Qf3 74. Kc2 Qfd1#) 66. f4 a4 (66... Qxc5 67. f5 a4 68. f6 a3 69. f7 a2 70. f8=B Qxf8 71. Ke3 a1=Q 72. Kd3 Qd1+ 73. Kc4 Qc2+ 74. Kd5 Qd6#) 67. f5 a3 (67... Qxc5 68. f6 a3 69. f7 a2 70. f8=B Qxf8 71. Ke3 a1=Q 72. Kd3 Qf5+ 73. Ke3 Qc1+ 74. Ke2 Qff1#) 68. f6 a2 (68... Qxc5 69. f7 a2 70. f8=B Qxf8 71. Kd5 a1=Q 72. Ke6 Qff6+ 73. Kd7 Qd1+ 74. Kxc7 Qdd8#) 69. f7 Qc4+ (69... a1=B $2 70. f8=Q $19) 70. Kf3 a1=Q (70... a1=B 71. f8=Q Qf1+ 72. Ke3 Qxf8 73. Ke4 Qxc5 74. Kf4 Qe5+ 75. Kf3 Bd4 76. Kg4 Qe4+ 77. Kg5 Ba1 78. Kh5 Bf6 79. Kh6 Qg2 80. Kh7 Qg7#) (70... Qxf7+ 71. Kg4 a1=Q 72. Kh4 Qg6 73. Kh3 Qh8#) 71. f8=Q Qaf1+ 72. Kg3 Qg1+ 73. Kh3 Qcg4#) 59. Kg2 Rg4+ $2 (59... a5 $19 60. Rd1 Rg4+ (60... Qxc5 61. Rd8 $11) 61. Kf1 Qc4+ 62. Qd3 Ka6 (62... Qxc5 $2 63. Rd2 $19)) 60. Kh3 Rf4 {[%emt 0:00:27] Black mates.} 61. Qc6 g4+ (61... Qxf2 62. Qxc7+ Ka8 63. Qd8+ Ka7 64. Qb6+ (64. Qxg5 Rf3+ 65. Kg4 Rg3+ 66. Kh5 Qe2+ 67. Kh6 Qe6+ 68. Kh5 Rh3+) 64... Ka8 65. Qxa6+ Kb8 66. Rb1+) 62. Kh4 {[%emt 0:00:16] [#]} g3+ $1 63. Kh5 (63. Kg5 Qe5+) 63... Qe5+ ({Stronger than} 63... Qxf2 64. Qxc7+ Ka8 65. Qd8+ Ka7 66. Qb6+ Ka8 67. Qxa6+ Kb8 68. Rb1+) 64. Kg6 Rg4+ {[%emt 0:00:13] Weighted Error Value: White=0.41/Black=0.33.  Mistake:       	White=10    	Black=5      Inaccurate:     	White=7     	Black=4      OK:         	White=13    	Black=25     Best:        	White=5     	Black=6      Strong:       	White=1     	Black=3} 0-1

[Event "15th Chennai GM Open 2025"]
[Site "Chennai"]
[Date "2025.01.05"]
[Round "5.10"]
[White "Sanket Chakravarty"]
[Black "Ratnakaran, K.."]
[Result "1-0"]
[ECO "E68"]
[WhiteElo "2374"]
[BlackElo "2225"]
[Annotator "TA"]
[PlyCount "97"]
[EventDate "2025.01.02"]
[EventType "swiss"]
[EventCountry "IND"]
[SourceTitle "playchess.com"]
[Source "ChessBase"]
[SourceQuality "1"]
[TimeControl "5400+30"]

1. c4 Nf6 2. Nf3 g6 3. d4 Bg7 4. g3 O-O 5. Bg2 d6 6. Nc3 Nbd7 7. O-O e5 8. Qc2 Re8 9. Rd1 c6 10. e4 exd4 {[%emt 0:01:02] The main line 10...exd4 scores better than 10...Qe7.} 11. Nxd4 Ne5 12. c5 {[%emt 0:04:15] E68: King's Indian: Fianchetto: 6...Nbd7 7 0-0 e5 8 e4.} d5 (12... dxc5 13. Nf5 Ned7 14. Nxg7) 13. Bg5 $146 ({Predecessor:} 13. exd5 Nxd5 14. Nxd5 cxd5 15. h3 Be6 16. Bf4 Rc8 17. Rac1 Qd7 18. Kh2 Nc6 19. Be3 Ne5 {0-1 Mitrabha,G (2434)-Sargsyan,S (2580) Wch U18 Mumbai 2019 (10)}) 13... Qa5 (13... Bg4 $142) 14. exd5 $16 Bg4 15. Bxf6 (15. f3 $1 $16 Bd7 16. Nb3) 15... Bxd1 $14 16. Rxd1 Bxf6 17. Ne4 (17. dxc6 Nxc6 18. Nb3 (18. Nxc6 Qxc5 19. Nxa7 Rxa7 $19) 18... Qc7 $11) 17... Bg7 18. Nd6 Re7 $1 19. dxc6 Nxc6 20. Bxc6 (20. Nxc6 $5 bxc6 (20... Re1+ $2 21. Bf1 $19) 21. Bxc6 $11) 20... Re1+ (20... Bxd4 $1 $11 21. Nxb7 (21. Bxb7 Rd8 $17) 21... Qb4) 21. Rxe1 $14 Qxe1+ 22. Kg2 bxc6 23. Nxc6 a5 24. Qb3 Qe6 {[%emt 0:01:08] [#]} (24... Rf8 $11) 25. Qf3 $1 $16 (25. Qxe6 $6 fxe6 26. b3 Bf8 $16) 25... Rf8 (25... Qxa2 26. Ne7+ Kf8 27. b3 (27. Qxa8+ Kxe7 28. Qb7+ Kf6 $18) (27. Nxg6+ hxg6 28. Qxa8+ Ke7 $18) (27. Qxa8+ Kxe7 28. Qb7+ Kf6 $18) (27. Nxg6+ hxg6 28. Qxa8+ Ke7 $18)) 26. b3 (26. Nxa5 $6 Bxb2 27. Qd3 Ra8 $11 (27... Qxa2 28. Nc6 $17)) 26... f5 (26... Bb2 $16 {was worth a try.} 27. Nxa5 Ba3) 27. Nxa5 h5 $2 (27... f4 $16) 28. h3 h4 (28... f4 $142 29. gxf4 Qf6) 29. gxh4 $18 Bf6 30. Nac4 Bxh4 31. c6 Qe7 $2 (31... Bd8 32. Nb5 Qf7) 32. b4 $18 Kh7 33. b5 Rf6 34. Qf4 Re6 {[%emt 0:00:13] [#]} 35. c7 (35. Nf7 $142 $1 {c7 would now be deadly.} Qxf7 (35... g5 36. Qxf5+) 36. Qxh4+ Kg7 37. Qd4+ (37. a4 f4 $18) 37... Kh7 38. Ne5) 35... Bg5 $18 36. Qg3 (36. c8=Q $2 Bxf4 37. Qb7 Bxd6 $19) 36... Bh4 37. Qf4 (37. c8=Q Bxg3 38. Kxg3 Qg5+ 39. Kf3 Qh5+ 40. Kg3 Qg5+ 41. Kf3 Qh5+ 42. Kg2 Qg5+ 43. Kf1 (43. Kf3 Qh5+ $11) 43... Qc1+ 44. Kg2 Qg5+ 45. Kf3 $11) (37. c8=N Bxg3 38. Nxe7 Bxd6 39. Nxd6 Rxd6 $18) (37. Nxf5 $142 Bxg3 38. Nxe7 (38. c8=B $2 gxf5 39. Bxe6 Qxe6 $19) 38... Bxc7 39. Nd5) 37... Bg5 $1 $18 38. Qf3 (38. c8=Q $2 {loses.} Bxf4 39. Qb7 Bxd6 $19) ({Less strong is} 38. Qg3 Bh4 39. Qf4 $18 (39. c8=Q Bxg3 40. fxg3 Rxd6 $11)) 38... Qxc7 39. b6 Qd8 40. Nf7 $2 (40. Qd5 $18 Re7 41. b7) 40... Qf6 $2 (40... Qe7 $11 41. h4 Bf4 42. Qxf4 Qxf7) 41. b7 $18 Re8 42. Ncd6 Rb8 43. a4 Bd2 44. Qd5 Qc3 (44... Bb4 $142 45. a5 Bxa5) 45. Ne5 Qc7 46. Qxd2 Rd8 47. Qb4 f4 48. Nef7 Rf8 49. Qxf4 1-0

[Event "15th Chennai GM Open 2025"]
[Site "Chennai"]
[Date "2025.01.05"]
[Round "5.11"]
[White "Aditya Varun Gampa"]
[Black "Shahil Dey"]
[Result "1/2-1/2"]
[ECO "B80"]
[WhiteElo "2180"]
[BlackElo "2374"]
[Annotator "TA"]
[PlyCount "91"]
[EventDate "2025.01.02"]
[EventType "swiss"]
[EventCountry "IND"]
[SourceTitle "playchess.com"]
[Source "ChessBase"]
[SourceQuality "1"]
[TimeControl "5400+30"]

1. e4 c5 2. Nc3 a6 3. Nf3 e6 4. d4 cxd4 5. Nxd4 d6 6. Be3 Nf6 7. a3 Be7 8. Qe2 Qc7 ({Black should try} 8... e5 $11 9. Nb3 Be6) 9. O-O-O {[%emt 0:03:54] White is more active.} b5 10. g4 h5 11. g5 Ng4 12. g6 fxg6 13. Bh3 ({Better is} 13. f4 $16) 13... e5 $1 $11 14. Nb3 {[%emt 0:03:06][%mdl 1024] White has compensation.} Qc4 {[%emt 0:13:43] Prevents Nd5} 15. Rd3 Be6 (15... Qf7 $1 $11) 16. Nd2 Qc8 17. Nd5 Bd8 18. Bb6 (18. Nb6 Bxb6 19. Bxb6 Ke7 $11 (19... Qc6 20. Ba5 $14)) 18... Bxd5 (18... Nd7 $142 19. Bxd8 Qxd8) 19. Bxd8 (19. exd5 $16 {Strongly threatening Rc3.} Bxb6 20. f3) 19... Qxd8 (19... Bf7 $11 {remains equal.} 20. Bb6 (20. Rxd6 Qc5 $15) 20... O-O) 20. exd5 $16 (20. Rxd5 Nf6) 20... Qh4 (20... Nd7 $16 {was called for.}) 21. Rg3 $18 Nf6 22. Qd3 Rh6 23. Qc3 (23. Rxg6 e4 24. Qg3 Qxg3 25. Rxg3 Ra7 $16) (23. Re1 Nbd7 $16) 23... Nbd7 24. Qc6 Rb8 $2 (24... Rd8 {is tougher.} 25. Qxd6 g5) 25. Qxd6 (25. Qxa6 Qd4 $16) (25. Bxd7+ Nxd7 26. Qxd6 g5 $18) 25... g5 26. Qe6+ (26. Qxa6 g4 $18) 26... Kf8 27. Qd6+ (27. Qxa6 g4 $18) 27... Ke8 28. Re1 (28. Qxa6 g4 $18) 28... Rd8 29. Bxd7+ Nxd7 30. Rxe5+ $2 (30. Qc7 $18 {and the rest is easy.}) 30... Nxe5 $16 31. Qxe5+ Kf8 32. Rxg5 Rf6 {[%emt 0:00:58] Threatens to win with ...Re8.} 33. Rxh5 $40 {[%emt 0:01:20][%mdl 128] White mounts an attack.} Qxf2 {[%emt 0:00:00] ( -> ...Qg1+)} 34. b3 $1 ({But not} 34. Rh8+ $2 Kf7 35. Qh5+ (35. Rxd8 {is a self mate.} Qg1+) (35. Qc7+ $2 Kg6 $19) 35... Ke7 $19) 34... Kg8 {[%emt 0:00:18] [#] Repels Rh8+} 35. Ne4 $1 Qf4+ 36. Kb2 {[%emt 0:00:11] The board is on fire.} Qxe5+ 37. Rxe5 {[%emt 0:00:01][%mdl 4096] Endgame KRR-KRN} Rh6 {[%emt 0:00:28] [#]} 38. c4 $1 bxc4 39. bxc4 Rxh2+ 40. Kc3 Rh1 $2 (40... Rh3+ $16 41. Kd4 Rxa3) 41. Re7 $2 ({White must play} 41. c5 $18) 41... Kf8 $11 42. Rb7 Rc1+ 43. Kd3 Rd1+ 44. Kc3 Rc1+ 45. Kd3 Rd1+ 46. Kc3 1/2-1/2

[Event "15th Chennai GM Open 2025"]
[Site "Chennai"]
[Date "2025.01.05"]
[Round "5.12"]
[White "Venkatesh, M.R."]
[Black "Shirliyev, Allayar"]
[Result "1/2-1/2"]
[ECO "C54"]
[WhiteElo "2362"]
[BlackElo "2196"]
[Annotator "TA"]
[PlyCount "72"]
[EventDate "2025.01.02"]
[EventType "swiss"]
[EventCountry "IND"]
[SourceTitle "playchess.com"]
[Source "ChessBase"]
[SourceQuality "1"]
[TimeControl "5400+30"]

1. e4 e5 2. Bc4 Nf6 3. d3 Nc6 4. Nf3 Bc5 5. c3 d6 6. Bb3 h6 7. Nbd2 a6 8. a4 Ba7 9. Nf1 Ng4 10. Ne3 Nxe3 11. Bxe3 Bxe3 12. fxe3 Qe7 13. O-O O-O 14. Qe1 Be6 15. Bd5 Qd7 16. b4 Bxd5 17. exd5 Ne7 18. c4 f5 19. Qc3 Rf6 20. Rf2 Raf8 21. b5 g5 22. bxa6 bxa6 23. d4 e4 24. Nd2 Ng6 25. Raf1 R6f7 26. c5 dxc5 27. Qxc5 Ne7 28. Nc4 Qxd5 29. Ne5 {[%emt 0:02:45] and Qxd5 would now be decisive} Qxc5 30. dxc5 Rh7 31. Rd2 {[%emt 0:02:28] Prevents Rd8.} Rg7 32. g4 f4 33. Nd7 Rff7 34. Ne5 Rf8 35. Nd7 Rff7 36. Ne5 {[%emt 0:00:07] Prevents Nc6} Rf8 1/2-1/2

[Event "15th Chennai GM Open 2025"]
[Site "Chennai"]
[Date "2025.01.05"]
[Round "5.13"]
[White "Madhesh Kumar S"]
[Black "Nguyen, Duc Hoa"]
[Result "1-0"]
[ECO "B33"]
[WhiteElo "2006"]
[BlackElo "2358"]
[Annotator "TA"]
[PlyCount "69"]
[EventDate "2025.01.02"]
[EventType "swiss"]
[EventCountry "IND"]
[SourceTitle "playchess.com"]
[Source "ChessBase"]
[SourceQuality "1"]
[TimeControl "5400+30"]

1. e4 c5 2. Nf3 Nc6 3. d4 cxd4 4. Nxd4 Qb6 5. Nb3 Nf6 6. Nc3 e6 7. Be3 Qc7 8. f3 a6 9. Na4 (9. Qd2 $14 {is more appropriate.}) 9... b5 10. Nb6 Rb8 {[%emt 0:00:10] The position is equal.} 11. Nxc8 Qxc8 12. a4 b4 (12... bxa4 $11 13. Rxa4 d5) 13. Qe2 $16 Ra8 14. O-O-O Be7 15. g4 {[%emt 0:00:14] White is more active.} Qc7 16. h4 d6 17. h5 ({White should play} 17. g5 $16 Nh5 18. Qf2) 17... h6 $14 18. Kb1 Na5 19. Rg1 d5 20. g5 hxg5 21. Bxg5 {[%emt 0:00:08] exd5 is the strong threat.} Nxb3 22. cxb3 Rxh5 23. f4 {[%emt 0:02:47] Strongly threatening Bxf6.} Rxg5 24. Rxg5 (24. fxg5 $16 Nxe4 25. Rh1) 24... Qxf4 $11 25. Rxg7 {[%emt 0:00:06] Threatens to win with exd5.} (25. Qc2 $5 Kf8 (25... Qxg5 $2 {too greedy.} 26. Qc6+ Kf8 27. Qxa8+ Ne8 28. Rc1 $18) (25... Qxe4 $2 26. Bd3 $18) 26. Rg2 $15) 25... Kf8 (25... Qxe4+ 26. Qxe4 Nxe4 27. Rg8+ Bf8 28. Rh8) ({Don't play} 25... Nxe4 $6 26. Rg8+ Bf8 27. Qc2 $18) 26. Rg2 {[%emt 0:01:01] Hoping for exd5.} Nxe4 (26... Qxe4+ $11 27. Qxe4 Nxe4) 27. Qh5 (27. Qc2 $16) 27... Bf6 {[%emt 0:00:28] Dodges Bxa6} 28. Bd3 Ke7 29. Rc2 a5 (29... Rh8 $11 {feels stronger.} 30. Qe2 Ng3) 30. Rdc1 $1 $14 Be5 {[%emt 0:00:39] Inhibits Rc7+.} (30... Nd6 $16 {was worth a try.}) 31. Bxe4 $18 Qxe4 {[%emt 0:02:06] [#]} 32. Ka2 $1 {[%emt 0:00:11][%cal Oc2c7] aiming for Rc7+!} Qf4 $2 (32... Rg8) 33. Re1 Kd6 {[%emt 0:13:53] [#]} (33... Rh8 $142 34. Qxe5 Qxe5 35. Rxe5 Kd6) 34. Rxe5 $1 Qxe5 (34... Qf6 35. Re1) 35. Qxf7 {[%emt 0:00:04] Weighted Error Value: White=0.16 (very precise) /Black=0.57.  Mistake:       	White=4     	Black=6      Inaccurate:     	---       	Black=3      OK:         	White=9     	Black=9      Best:        	White=3     	---        Strong:       	White=2     	---        Brilliant:      	White=1     	---} 1-0